 Dungeon Crawl Stone Soup version 0.31-a0-675-g238779eb0a (webtiles) character file.

Game seed: 15963723295274243659

1744459 octothorp the Intangible (level 27, 216/216 HPs)
             Began as a Merfolk Gladiator on Sept 3, 2023.
             Was the Champion of Makhleb.
             Escaped with the Orb
             ... and 3 runes on Sept 5, 2023!
             The game lasted 08:44:19 (64147 turns).

octothorp the Intangible (Merfolk Gladiator)       Turns: 64147, Time: 08:44:20

Health: 216/216    AC: 36    Str: 13    XL:     27
Magic:  38/38      EV: 42    Int:  3    God:    Makhleb [******]
Gold:   6262       SH:  0    Dex: 39    Spells: 30/36 levels left

rFire   + + +        a - +8 triple sword (protect)
rCold   + + .        (shield currently unavailable)
rNeg    + . .        z - +8 fire dragon scales
rPois   +            j - +2 hat
rElec   +            s - +1 cloak of Starlight {*Dazzle EV+4 Stlth--}
rCorr   .            y - +2 pair of gloves {infuse}
SInv    .            f - +2 pair of boots
Will    +++..        b - amulet "Ablu" {Spirit Rampage Regen+ Slay+3} Stlth
                     Y - ring of Divine Intervention {rPois rN+ Str+3 Dex+6}
HPRegen 1.36/turn    D - ring "Daesac" {rElec rF+ rC+++ MP+9 Str-5, =R}
MPRegen 0.26/turn

%: guardian spirit, rampage, infuse magic (1 MP)
@: no status effects
A: (nimble swimmer 2), mertail, iridescent scales 1, agile 2, dopey 2, frail 1,
low MP 2, strong-willed 1, wild magic 1
0: Orb of Zot
}: 3/15 runes: decaying, silver, gossamer
a: Renounce Religion, Minor Destruction, Lesser Servant of Makhleb, Major
Destruction, Greater Servant of Makhleb


You escaped.
You worshipped Makhleb.
Makhleb was exalted by your worship.
You visited 10 branches of the dungeon, and saw 50 of its levels.
You visited the Abyss 2 times.
You also visited: Bailey, Ice Cave and Desolation.

You collected 8547 gold pieces.
You spent 2285 gold pieces at shops.

Inventory:

Hand Weapons
 a - a +8 triple sword of protection (weapon)
Missiles
 d - 7 throwing nets
 e - 15 javelins
 G - 2 silver javelins
 H - 12 curare-tipped darts
 Q - 5 boomerangs (quivered)
Armour
 f - a +2 pair of boots (worn)
 j - a +2 hat (worn)
 s - the +1 cloak of Starlight (worn) {*Dazzle EV+4 Stlth--}
   (You found it on level 12 of the Dungeon)

   *Dazzle:   It may blind those who miss an attack against the wearer in melee
   combat.
   EV+4:      It affects your evasion (+4).
   Stlth--:   It makes you much less stealthy.
 y - a +2 pair of gloves of infusion (worn)
 z - +8 fire dragon scales (worn)
 A - a +2 cloak of willpower
Jewellery
 b - the amulet "Ablu" (around neck) {Spirit Rampage Regen+ Slay+3}
   (You found it in the Desolation of Salt)

   [amulet of guardian spirit]

   Spirit:    It causes incoming damage to be divided between your reserves of
   health and magic.
   Slay+3:    It affects your accuracy & damage with ranged weapons and melee
   (+3).
   Regen+:    It increases your rate of health regeneration.
   Rampage:   It bestows one free step when moving towards enemies.
 c - the ring of Ywnigad {rPois rC+}
   (You found it in the Desolation of Salt)

   [ring of protection from cold]

   rC+:       It protects you from cold.
   rPois:     It protects you from poison
 r - a ring of see invisible
 w - a ring of willpower
 C - the ring "Ostuawe" {Wiz rElec rF+ Slay+2 Stlth+}
   (You found it in the Desolation of Salt)

   [ring of wizardry]

   Wiz:       It improves your spell success rate.
   Slay+2:    It affects your accuracy & damage with ranged weapons and melee
   (+2).
   rF+:       It protects you from fire.
   rElec:     It insulates you from electricity.
   Stlth+:    It makes you more stealthy.
 D - the ring "Daesac" (right hand) {rElec rF+ rC+++ MP+9 Str-5, =R}
   (You took it off a deep elf annihilator on level 3 of the Elven Halls)

   [ring of protection from fire]

   Str-5:     It affects your strength (-5).
   rF+:       It protects you from fire.
   rC+++:     It renders you almost immune to cold.
   rElec:     It insulates you from electricity.
   MP+9:      It affects your magic capacity (+9).
 N - a ring of resist corrosion
 R - a ring of positive energy
 Y - the ring of Divine Intervention (left hand) {rPois rN+ Str+3 Dex+6}
   (You acquired it on level 1 of the Orcish Mines)

   [ring of dexterity]

   Str+3:     It affects your strength (+3).
   Dex+6:     It affects your dexterity (+6).
   rPois:     It protects you from poison rN+: It protects you from negative
   energy.
Wands
 g - a wand of paralysis (83)
 i - a wand of roots (23)
 n - a wand of light (38)
 V - a wand of digging (43)
Scrolls
 l - 6 scrolls of blinking {@r3}
 m - 4 scrolls of poison
 q - 2 scrolls of fear
 x - 9 scrolls of fog
 L - 2 scrolls of butterflies
 O - 29 scrolls of teleportation {@r2}
 T - 3 scrolls of vulnerability
 W - 3 scrolls of silence
 X - 8 scrolls of immolation
 Z - 14 scrolls of revelation {vault}
Potions
 h - 22 potions of curing
 k - 8 potions of cancellation
 o - 7 potions of enlightenment
 p - 4 potions of might
 t - 8 potions of heal wounds
 v - 7 potions of berserk rage
 E - 2 potions of resistance
 F - 2 potions of invisibility
 J - 4 potions of mutation
 K - 8 potions of magic
 P - 8 potions of ambrosia
 U - 3 potions of haste
Miscellaneous
 u - a lightning rod (4/4)
 B - a condenser vane
 I - a phial of floods
 M - a phantom mirror
 S - a sack of spiders


   Skills:
 + Level 24.4 Fighting
 - Level 22.0 Long Blades
 - Level 12.0 Throwing
 - Level 18.0 Armour
 O Level 27 Dodging
 - Level 5.0 Spellcasting
 - Level 9.0 Ice Magic
 - Level 9.0 Air Magic
 - Level 20.0 Invocations
 - Level 13.1 Evocations


You had 30 spell levels left.
You knew the following spells:

 Your Spells              Type           Power      Damage    Failure   Level
a - Ozocubu's Armour      Ice            7%         N/A       13%         3
s - Swiftness             Air            7%         N/A       13%         3

Your spell library contained the following spells:

 Spells                   Type           Power      Damage    Failure   Level
 Frozen Ramparts          Ice            14%        1d3       13%         3
 Ensorcelled Hibernation  Hex/Ice        8%         N/A       36%         2
 Cigotuvi's Dreadful Rot  Necr/Pois/Air  6%         N/A       54%         2
 Mephitic Cloud           Conj/Pois/Air  3%         N/A       78%         3
 Apportation              Tloc           0%         N/A       82%         1
 Foxfire                  Conj/Fire      0%         2x1d4     82%         1
 Magic Dart               Conj           0%         1d3       82%         1
 Sandblast                Erth           0%         2d4       82%         1
 Summon Small Mammal      Summ           0%         N/A       82%         1
 Call Imp                 Summ           0%         N/A       91%         2
 Lesser Beckoning         Tloc           0%         N/A       91%         2
 Momentum Strike          Conj/Tloc      0%         3d8       91%         2
 Passwall                 Tmut/Erth      0%         N/A       91%         2
 Scorch                   Fire           0%         2d5       91%         2
 Sublimation of Blood     Necr           0%         N/A       91%         2
 Wereblood                Tmut           0%         N/A       91%         2
 Summon Ice Beast         Ice/Summ       4%         N/A       92%         4
 Summon Lightning Spire   Summ/Air       4%         N/A       92%         4
 Vhi's Electric Charge    Tloc/Air       8%         N/A       92%         4
 Freezing Cloud           Conj/Ice/Air   2%         6-21      97%         5
 Call Canine Familiar     Summ           0%         N/A       99%         3
 Confusing Touch          Hex            0%         N/A       99%         3
 Dazzling Flash           Conj/Hex       0%         N/A       99%         3
 Gell's Gravitas          Tloc           0%         N/A       99%         3
 Ignite Poison            Fire/Tmut/Pois 0%         N/A       99%         3
 Portal Projectile        Hex/Tloc       0%         N/A       99%         3
 Stone Arrow              Conj/Erth      0%         3d7       99%         3
 Summon Guardian Golem    Hex/Summ       0%         N/A       99%         3
 Teleport Other           Tloc           0%         N/A       99%         3
 Volatile Blastmotes      Fire/Tloc      0%         2d10      99%         3
 Arcjolt                  Conj/Air       2%         1d12      99%         5
 Metabolic Englaciation   Hex/Ice        2%         N/A       99%         5
 Silence                  Hex/Air        2%         N/A       99%         5
 Animate Armour           Summ/Erth      0%         N/A       100%        4
 Animate Dead             Necr           0%         N/A       100%        4
 Cause Fear               Hex            0%         N/A       100%        4
 Dispel Undead            Necr           0%         3d6       100%        4
 Flame Wave               Conj/Fire      0%         2d4       100%        4
 Fulminant Prism          Conj/Hex       0%         3d5       100%        4
 Passage of Golubria      Tloc           0%         N/A       100%        4
 Petrify                  Tmut/Erth      0%         N/A       100%        4
 Sticky Flame             Conj/Fire      0%         2d3       100%        4
 Alistair's Intoxication  Tmut/Pois      0%         N/A       100%        5
 Borgnjor's Vile Clutch   Necr/Erth      0%         N/A       100%        5
 Irradiate                Conj/Tmut      0%         3d11      100%        5
 Iskenderun's Battlesphe  Conj           0%         2d6       100%        5
 Lee's Rapid Deconstruct  Erth           0%         3d4*      100%        5
 Yara's Violent Unravell  Hex/Tmut       0%         3d3       100%        5
 Death Channel            Necr           0%         N/A       100%        6
 Dispersal                Tloc           0%         N/A       100%        6
 Eringya's Noxious Bog    Tmut/Pois      0%         4d6       100%        6
 Leda's Unmaking          Conj/Erth      0%         9d1       100%        6
 Plasma Beam              Fire/Air       2%         2x1d12    100%        6
 Simulacrum               Ice/Necr       2%         N/A       100%        6
 Starburst                Conj/Fire      0%         6d3       100%        6
 Summon Cactus Giant      Summ           0%         N/A       100%        6
 Haunt                    Necr/Summ      0%         N/A       100%        7
 Monstrous Menagerie      Summ           0%         N/A       100%        7
 Ozocubu's Refrigeration  Ice            3%         4d8       100%        7
 Spellforged Servitor     Conj/Summ      0%         N/A       100%        7
 Summon Hydra             Summ           0%         N/A       100%        7
 Disjunction              Tloc           0%         N/A       100%        8
 Ignition                 Fire           0%         3d3       100%        8
 Infestation              Necr           0%         N/A       100%        8
 Lehudib's Crystal Spear  Conj/Erth      0%         10d2      100%        8
 Maxwell's Capacitive Co  Air            3%         ∞         100%        8
 Fire Storm               Conj/Fire      0%         5d1       100%        9
 Shatter                  Erth           0%         3d5*      100%        9


Dungeon Overview and Level Annotations

Branches:
Dungeon (15/15)            Temple (0/1) D:4            Lair (5/5) D:11
  Swamp (4/4) Lair:2       Spider (4/4) Lair:3        Slime (0/5) Lair:4
    Orc (2/2) D:10            Elf (3/3) Orc:2        Vaults (5/5) D:14
  Crypt (3/3) Vaults:2       Tomb (0/3) Crypt:3      Depths (4/4) D:15
    Zot (5/5) Depths:4     Bailey (visited)           IceCv (visited)
Desolation (visited)

Altars:
Ashenzari
Cheibriados
Dithmenos
Elyvilon
Fedhas
Hepliaklqana
Kikubaaqudgha
Makhleb
Nemelex Xobeh
Okawaru
Qazlal
Ru
Sif Muna
Trog
Vehumet
Xom
The Shining One
Jiyva
Lugonu

Shops:
D:5 *   D:9 :   D:12 (   D:13 *   Orc:1 ?   Orc:2 (![(   Elf:1 =   Vaults:4 !
Depths:4 *:==

Portals:
Hell: Depths:1 Depths:2 Depths:3 Depths:4
Abyss: Lair:5 Depths:3 Depths:4
Pandemonium: Depths:2 Depths:4
Ziggurat: Depths:1

Annotations:
D:3 Natasha
D:5 1 runed translucent door, exclusions: door and oklob plant, Crazy Yiuf
D:6 enclosed potion
D:7 exclusion: oklob plant
D:8 2 transporters
Swamp:1 exclusion: downstairs
Swamp:2 exclusion: downstairs
Elf:1 1 runed translucent door, Roxanne; gruber's ghost, adept BaSu
Vaults:1 exclusion: obsidian statue
Crypt:2 3 runed translucent doors, Jeidgh's ghost, adept NaAE; Nuh Ema's ghost, veteran HuVM; Xajier's ghost, adept GrFi
Depths:1 exclusion: downstairs
Depths:2 1 transporter
Zot:4 1 transporter


Innate Abilities, Weirdness & Mutations

((You are very nimble when in or above water. (Stealth+, EV+, Speed+++)))
Your lower body shifts to a powerful aquatic tail in water.
You are partially covered in iridescent scales. (AC +2)
You are very agile. (Dex +8, Str/Int -2)
You are very dopey. (Int -4)
You are frail. (-10% HP)
Your magical capacity is very low. (-20% MP)
You are strong-willed. (Will+)
Your spells are a little harder to cast, but a little more powerful.


Message History

Aiming: Dig
Press: ? - help, Shift-Dir - straight line A rock wall.
This square is covered in magical glow.
The rock shatters into small pieces.
You feel a little less mighty now.
There is a stone staircase leading up, spattered with blood here.
You climb upwards.
There is a stone staircase leading down here.
There is an escape hatch in the ceiling here.
A mysterious force pulls you upwards. The hatch slams shut behind you.
Level annotation: Natasha
There is an escape hatch in the ceiling here.
A mysterious force pulls you upwards. The hatch slams shut behind you.
Found 16 gold pieces and a scroll of brand weapon.
Found a potion of curing.
You now have 6262 gold pieces (gained 16).
Your pack is full.
You see here a scroll of brand weapon.
An Ice Fiend comes into view.
The Ice Fiend gestures at you. The bolt of cold misses you.
You see here a potion of curing.
You carve the Ice Fiend like a ham!!!
Your weapon exudes an aura of protection.
The Ice Fiend is severely wounded.
You slice the Ice Fiend!!
The Ice Fiend is almost dead.
The Ice Fiend claws you but does no damage.
The Ice Fiend completely misses you.
You slice the Ice Fiend!!
You kill the Ice Fiend!
Makhleb accepts your kill.
h - 22 potions of curing (gained 1)
You see here a +0 robe.
There is a stone staircase leading up here.
You climb upwards.
There is a stone staircase leading down here.
There is a staircase leading out of the dungeon here.
You have escaped!

........####≈≈≈≈≈≈~≈≈≈..###......
........###≈≈≈≈≈≈~≈≈≈≈≈..##+##...
........##≈≈≈≈≈≈≈~≈≈≈≈≈≈.......##
#####...#≈≈≈8≈≈≈≈≈~≈≈8≈≈≈......#
........#≈≈≈≈≈≈≈≈≈≈~≈≈≈≈≈......#
........'≈≈≈≈...≈≈≈~≈≈≈≈≈......#
........#.≈≈.≈≈≈.≈≈~≈≈≈≈≈......##
.....####≈..≈≈≈≈.>~≈≈≈≈≈≈.#......
.....# #≈≈≈≈≈≈~@.≈≈≈≈..≈........
.....# #≈≈≈≈≈~≈≈.≈≈≈.≈≈.#.......
.....# #≈≈≈≈≈~≈≈≈...≈≈≈≈...##...
.....# #≈≈≈≈≈~≈≈≈≈≈≈≈≈≈≈)..##...
.....# #≈≈≈8≈≈~≈≈≈≈≈8≈≈≈..###...
.....#####≈≈≈≈≈≈~≈≈≈≈≈≈≈#....'...
.....'.....≈≈≈≈≈~≈≈≈≈≈≈###.###...
.....#####.#≈≈≈~≈≈≈≈≈≈)).........
...........###.#######'###.###.#.


There were no monsters in sight!

Vanquished Creatures
  2 ancient liches
  4 orbs of fire
  A juggernaut (Depths:3)
  A royal mummy (Crypt:3)
  5 Killer Klowns (Zot:5)
  Saint Roka (Vaults:1)
  6 caustic shrikes
  2 curse toes (Zot:5)
  7 golden dragons
  Nikola (Swamp:3)
  A pandemonium lord (D:10)
  Norris (Vaults:1)
  A Tzitzimitl (Zot:5)
  An electric golem (Zot:5)
  3 Brimstone Fiends
  Mlioglotl (Swamp:2)
  A walking crystal tome (Depths:2)
  A titan (Depths:3)
  Asterion (Vaults:3)
  An Ice Fiend (D:2)
  11 tentacled monstrosities
  4 quicksilver dragons
  27 Orb Guardians
  2 deep elf blademasters (Elf:3)
  4 liches
  3 walking frostbound tomes
  A tentacled starspawn (Abyss:2)
  5 sphinxes
  Frances (Swamp:2)
  5 death cobs
  A deep elf master archer (Elf:3)
  3 ancient champions
  An Executioner (D:5)
  A thorn hunter (Swamp:4)
  Agnes (Spider:1)
  7 shadow dragons
  Kirke (Swamp:2)
  11 storm dragons
  5 draconian monks
  2 revenants
  Donald (Swamp:2)
  2 fenstrider witches (Swamp:4)
  6 tengu reavers
  2 draconian knights (Zot:5)
  3 iron dragons
  9 frost giants
  10 deep elf sorcerers
  11 emperor scorpions
  2 imperial myrmidons (Desolation)
  7 fire giants
  A balrug (Depths:3)
  4 draconian scorchers
  7 ghost moths
  9 ghouls
  3 curse skulls
  4 draconian shifters
  19 vault wardens
  4 draconian stormcallers
  A caustic shrike zombie (Crypt:3)
  2 deep elf elementalists
  A spriggan defender (Depths:4)
  A reaper (Swamp:4)
  5 broodmothers
  A war gargoyle (Vaults:3)
  26 very ugly things
  21 ironbound preservers
  3 orc warlords
  A broodmother (shapeshifter) (Vaults:5)
  7 draconian annihilators
  14 stone giants
  A formless jellyfish (Vaults:2)
  4 ironbound thunderhulks
  4 deep elf demonologists
  5 green draconians
  9 vampire knights
  9 black draconians
  4 eleionomae
  2 minotaurs (D:12)
  3 spark wasps
  4 deep elf annihilators (Elf:3)
  6 white draconians
  13 yellow draconians
  A halazid warlock (Desolation)
  28 dire elephants
  A bunyip (Swamp:3)
  11 purple draconians
  3 eidola
  A spark wasp (shapeshifter) (Depths:3)
  9 red draconians
  A blizzard demon (Swamp:4)
  5 jiangshi
  An entropy weaver (shapeshifter) (D:10)
  3 deep elf death magi
  2 crystal guardians
  5 mummy priests (Crypt:3)
  12 ettins
  5 great orbs of eyes
  3 entropy weavers
  5 deep elf high priests
  5 fire dragons
  4 ragged hierophants (Desolation)
  A quicksilver dragon zombie (Crypt:3)
  15 yaktaur captains
  36 vault guards
  8 hydras
  7 peacekeepers
  A quicksilver dragon skeleton (Crypt:3)
  4 jorogumos
  An Orb Guardian zombie (Crypt:1)
  A catoblepas (D:15)
  7 alligators
  8 spriggan air magi
  A radroach (Spider:3)
  7 servants of whispers (Desolation)
  3 death knights
  7 rakshasas
  17 ironbound frosthearts
  4 centaur warriors
  8 ice dragons
  2 ogre magi
  7 boulder beetles
  25 dancing weapons
  17 death yaks
  11 deep troll shamans
  8 demonic crawlers
  4 deep troll earth magi
  4 tengu warriors
  A hell hog (Abyss:2)
  An orc high priest (Orc:2)
  5 death scarabs (Spider:4)
  9 spriggan berserkers
  4 two-headed ogres
  A spectral emperor scorpion (Spider:4)
  9 vampire magi
  14 thrashing horrors
  24 hell knights
  10 deep elf knights
  5 sun demons
  5 shadow wraiths
  A fire crab (D:14)
  8 pharaoh ants
  6 wretched stars
  5 goliath frogs
  2 skysharks (Vaults:1)
  2 soul eaters
  11 iron trolls
  2 sixfirhies (Swamp:4)
  6 spriggan druids
  A spatial maelstrom (Abyss:4)
  15 skeletal warriors
  5 flayed ghosts
  An orange crystal statue (Depths:1)
  41 deep trolls
  8 deep elf archers
  7 swamp dragons
  A deep troll (shapeshifter) (Lair:5)
  11 orb spiders
  3 glowing orange brains
  8 wizards
  11 bog bodies
  2 lindwurms (Vaults:2)
  2 spectral jorogumos (Spider:4)
  19 ironbound convokers
  A spectral wolf spider (Spider:4)
  Pikel (D:9)
  2 steelbarb worms (shapeshifter)
  8 steelbarb worms
  10 phantasmal warriors
  9 necromancers
  A wolf spider zombie (Crypt:3)
  7 orc knights
  4 harpies (Vaults:4)
  22 deep elf zephyrmancers
  28 deep elf pyromancers
  5 orc sorcerers
  2 manticores
  20 wolf spiders
  A salamander (Depths:3)
  33 ugly things
  A shining eye (shapeshifter) (D:14)
  2 will-o-the-wisps (Swamp:1)
  5 cyclopes
  An apocalypse crab (Abyss:4)
  21 elephants
  8 starcursed masses (Abyss:2)
  5 black mambas
  An elephant (shapeshifter) (Vaults:5)
  3 guardian serpents (Desolation)
  27 moths of wrath
  A black mamba (shapeshifter) (D:10)
  A water nymph (shapeshifter) (D:15)
  An ice statue (IceCv)
  9 torpor snails
  21 vault sentinels
  7 smoke demons
  2 orange demons (Swamp:4)
  2 gargoyles
  2 molten gargoyles (Desolation)
  8 large abominations
  Maggie (D:7)
  15 cane toads
  An unseen horror zombie (Crypt:2)
  A steelbarb worm zombie (Crypt:1)
  4 freezing wraiths
  4 unseen horrors
  A spectral redback (Spider:4)
  A kobold demonologist (D:14)
  2 unseen horrors (shapeshifter)
  6 rime drakes
  A yaktaur (shapeshifter) (D:14)
  33 yaktaurs
  A tengu conjurer (Depths:3)
  2 ice devils
  7 komodo dragons
  A komodo dragon (shapeshifter) (Lair:5)
  An ancient zyme (Abyss:2)
  A green draconian skeleton (Crypt:3)
  A queen bee (D:14)
  An efreet (D:14)
  6 meliai
  28 guardian mummies (Crypt:3)
  5 trolls
  12 polar bears
  7 tyrant leeches
  3 hellwings
  3 spectral jumping spiders (Spider:4)
  23 hornets
  2 spectral culicivoras (Spider:4)
  A bloated husk (Swamp:1)
  Prince Ribbit (D:7)
  3 spectral tarantellas (Spider:4)
  23 blink frogs
  A dream sheep (shapeshifter) (Vaults:5)
  A raiju (Lair:5)
  48 saltlings (Desolation)
  A tarantella zombie (Spider:4)
  20 tarantellas
  A culicivora zombie (Spider:4)
  A guardian serpent zombie (Crypt:1)
  A great orb of eyes zombie (Crypt:1)
  44 slime creatures
  15 spriggans
  A ynoxinul (Zot:2)
  23 culicivoras
  66 yaks
  11 ushabtiu (Crypt:3)
  8 wyverns
  8 wraiths
  A vampire (D:14)
  Eustachio (D:5)
  An air elemental (Elf:2)
  5 water elementals
  A fire bat (shapeshifter) (Lair:5)
  An ice dragon skeleton (Crypt:2)
  29 jumping spiders
  A jumping spider (shapeshifter) (D:14)
  A hog (Swamp:1)
  2 fire elementals
  9 basilisks
  2 steam dragons
  47 redbacks
  10 vampire mosquitoes
  4 chaos spawn
  2 neqoxecs
  2 wargs
  11 small abominations
  2 acid dragons
  2 spatial vortices (Abyss:4)
  11 swamp worms
  A faun skeleton (Crypt:3)
  Duvessa (D:5)
  An entropy weaver zombie (Crypt:1)
  9 water moccasins
  6 swamp drakes
  A sky beast (D:5)
  An ice beast (D:7)
  31 orc warriors
  A manticore zombie (Crypt:1)
  A black bear (shapeshifter) (Depths:3)
  A black bear (D:7)
  6 boggarts
  3 centaurs
  40 wolves
  3 ogres
  4 lemures (D:9)
  A hog skeleton (Crypt:2)
  2 phantoms
  4 kobold brigands
  Blork the orc (D:6)
  10 bullfrogs
  4 gnoll sergeants
  An earth elemental (Elf:1)
  13 scorpions
  2 necrophages
  5 wights
  Dowan (D:5)
  A queen bee zombie (Crypt:3)
  38 killer bees
  6 howler monkeys
  2 electric eels (D:12)
  A human zombie (Crypt:2)
  11 jellies
  22 orc priests
  A gnoll bouda (D:8)
  5 hounds
  A bullfrog skeleton (Crypt:2)
  5 iguanas
  33 orc wizards
  Terence (D:3)
  2 wolf simulacra (Lair:5)
  A deep dwarf skeleton (Crypt:1)
  An acid dragon skeleton (Crypt:3)
  2 naga skeletons (Crypt:1)
  8 mummies (Crypt:3)
  20 gnolls
  11 adders
  A steam dragon skeleton (Crypt:3)
  3 shadow imps
  2 white imps (D:6)
  3 ufetubi
  An adder skeleton (Crypt:1)
  5 worms
  A dart slug (D:1)
  95 orcs
  25 endoplasms
  2 giant cockroaches
  9 goblins
  12 hobgoblins
  10 jackals
  13 kobolds
  2 quokkas
  8 ball pythons
  4 bats
  2 endoplasm zombies (Crypt:2)
  2 frilled lizards
  A giant cockroach zombie (Crypt:2)
  A hobgoblin skeleton (Crypt:2)
  11 rats
  2 starspawn tentacles (Abyss:2)
2394 creatures vanquished.

Vanquished Creatures (collateral kills)
  Mennas (Vaults:2)
  Mara (Swamp:3)
  A tengu reaver (Vaults:5)
  A fenstrider witch (Swamp:4)
  3 vault wardens
  A fire giant (Depths:3)
  2 imperial myrmidons (Desolation)
  A deep elf sorcerer (Elf:3)
  A draconian stormcaller (Zot:3)
  A war gargoyle (Vaults:3)
  A deep elf elementalist (Elf:3)
  A quicksilver ooze (shapeshifter) (Vaults:5)
  A draconian annihilator (Zot:3)
  An ironbound thunderhulk (Vaults:3)
  A green draconian (Zot:2)
  A bunyip (Swamp:4)
  3 deep elf annihilators (Elf:3)
  2 deep elf death magi (Elf:3)
  A great orb of eyes (Vaults:2)
  2 vault guards (Vaults:4)
  An entropy weaver (shapeshifter) (Vaults:5)
  A deep elf high priest (Elf:3)
  An entropy weaver (Spider:1)
  A yaktaur captain (Vaults:3)
  4 hydras
  An ice dragon (Depths:2)
  Erica (D:10)
  An ironbound frostheart (Vaults:1)
  A peacekeeper (Vaults:3)
  A ghost crab (Swamp:3)
  A deep troll earth mage (Depths:4)
  A two-headed ogre (D:8)
  A death scarab (Spider:4)
  A dancing weapon (Vaults:5)
  A death yak (D:11)
  A demonic crawler (Spider:3)
  3 orc high priests (Orc:2)
  A thrashing horror (Abyss:4)
  4 deep elf knights (Elf:1)
  4 hell knights (Depths:3)
  A shadow wraith (Abyss:2)
  A pharaoh ant (Spider:4)
  A deep troll (Vaults:4)
  A deep elf archer (Elf:1)
  A glowing orange brain (Depths:3)
  A wizard (Vaults:3)
  4 deep elf pyromancers (Elf:1)
  A spectral wolf spider (Spider:4)
  3 ugly things (Vaults:3)
  6 deep elf zephyrmancers (Elf:1)
  An orc sorcerer (Orc:2)
  A vault sentinel (Vaults:3)
  A hellwing (Swamp:4)
  3 saltlings (Desolation)
  A tarantella (Spider:1)
  A hornet (Depths:3)
  A blink frog (Abyss:2)
  A jumping spider (Spider:4)
  2 culicivoras (Spider:4)
  A spriggan (Depths:3)
  5 yaks
  A golden eye (shapeshifter) (D:10)
  A wyvern (D:9)
  A neqoxec (Swamp:4)
  A redback (Spider:4)
  A spatial vortex (Abyss:4)
  A water moccasin (Lair:5)
  4 orc warriors
  A swamp drake (Swamp:2)
  3 wolves (Lair:2)
  An earth elemental (Elf:1)
  2 orc priests (Orc:2)
  6 orc wizards
  6 gnolls (D:9)
  An ufetubus (Abyss:4)
126 creatures vanquished.

Vanquished Creatures (others)
  A draconian knight (Zot:2)
  A deep elf elementalist (Elf:3)
  An alligator (Swamp:1)
  A boulder beetle (D:14)
  A thrashing horror (Abyss:4)
  A spriggan (Swamp:1)
  A phantasmal warrior (Vaults:5)
  A smoke demon (D:10)
  4 bloated husks
  A hornet (Swamp:1)
  A hellwing (Swamp:4)
  A culicivora (Spider:4)
  3 humans (Swamp:2)
  A small abomination (Abyss:2)
  An orc warrior (Vaults:5)
  A boggart (Vaults:2)
  A bullfrog (D:8)
  2 orcs
  4 foxfires (Swamp:1)
28 creatures vanquished.

Grand Total: 2548 creatures vanquished

Notes
Turn   | Place    | Note
-------+----------+-------------------------------------------
     0 | D:1      | octothorp the Merfolk Gladiator began the quest for the
                  | Orb.
     0 | D:1      | Reached XP level 1. HP: 16/16 MP: 1/1
   101 | D:1      | Reached XP level 2. HP: 20/22 MP: 2/2
   374 | D:1      | Reached XP level 3. HP: 27/27 MP: 3/3
   384 | D:1      | Reached skill level 5 in Long Blades
  1396 | D:2      | Reached XP level 4. HP: 32/33 MP: 4/4
  1598 | D:3      | Noticed Terence
  1605 | D:3      | Killed Terence
  1765 | D:3      | Found a shimmering blue altar of Sif Muna.
  2002 | D:3      | Found a faded altar of an unknown god.
  2051 | D:3      | Reached XP level 5. HP: 38/38 MP: 5/5
  2191 | D:3      | Noticed Natasha
  2192 | D:3      | Found a broken altar of Ashenzari.
  2400 | D:4      | Found a burning altar of Makhleb.
  2414 | D:4      | Became a worshipper of Makhleb the Destroyer
  2435 | D:4      | Found a staircase to the Ecumenical Temple.
  2540 | D:4      | Found a snail-covered altar of Cheibriados.
  2617 | D:4      | You fall into a shaft and drop 1 floor!
  2617 | D:5      | Entered Level 5 of the Dungeon
  2631 | D:4      | Reached XP level 6. HP: 44/44 MP: 6/6
  2699 | D:5      | Reached XP level 7. HP: 47/50 MP: 7/7
  2713 | D:5      | Noticed Eustachio
  2739 | D:5      | Killed Eustachio
  2742 | D:5      | Reached skill level 10 in Long Blades
  3050 | D:4      | Reached * piety under Makhleb
  3188 | D:4      | Found a hazy altar of Hepliaklqana.
  3266 | D:5      | Noticed Duvessa
  3266 | D:5      | Noticed Dowan
  3284 | D:5      | Killed Duvessa
  3285 | D:5      | Reached skill level 5 in Dodging
  3285 | D:5      | Reached XP level 8. HP: 61/61 MP: 8/8
  3288 | D:5      | Killed Dowan
  3410 | D:5      | Reached skill level 5 in Fighting
  3541 | D:5      | Found Foyshriq's General Store.
  3552 | D:5      | Bought a potion of berserk rage for 70 gold pieces
  3556 | D:5      | Found an iron altar of Okawaru.
  3584 | D:5      | Reached skill level 6 in Dodging
  3667 | D:5      | Found an ancient bone altar of Kikubaaqudgha.
  3667 | D:5      | Found a shimmering altar of Xom.
  4074 | D:5      | Reached skill level 7 in Dodging
  4211 | D:5      | Found a runed translucent door.
  4212 | D:5      | Noticed Crazy Yiuf
  4263 | D:5      | Found a blossoming altar of Fedhas.
  4272 | D:5      | Noticed an oklob plant
  4436 | D:5      | Found a glowing golden altar of the Shining One.
  4476 | D:6      | Reached XP level 9. HP: 55/72 MP: 9/9
  4598 | D:6      | Identified the +1 robe of Free Expression {*Corrode rElec
                  | Dex+8 Stlth+}
  4951 | D:6      | Noticed Blork the orc
  4956 | D:6      | Killed Blork the orc
  4957 | D:6      | Reached skill level 8 in Dodging
  5227 | D:7      | Reached ** piety under Makhleb
  5231 | D:7      | Noticed Maggie
  5254 | D:7      | Killed Maggie
  5255 | D:7      | Reached skill level 9 in Dodging
  5307 | D:7      | Noticed Prince Ribbit
  5360 | D:7      | Killed Prince Ribbit
  5402 | D:7      | Found a white marble altar of Elyvilon.
  5444 | D:7      | Noticed a cyan ugly thing
  5465 | D:7      | Killed a cyan ugly thing
  5635 | D:7      | Reached XP level 10. HP: 80/80 MP: 10/10
  5853 | D:7      | Identified the +6 dagger of Mastery {venom, rC+ rCorr
                  | Int+5}
  5871 | D:7      | Found a shadowy altar of Dithmenos.
  5948 | D:7      | Found a faded altar of an unknown god.
  5948 | D:7      | Found the Hermit's Pendant {Faith Invo=14 Evo=0 MP+5}
  6172 | D:7      | Noticed an oklob plant
  6723 | D:8      | Reached *** piety under Makhleb
  6763 | D:8      | Found a transporter.
  6776 | D:8      | Found a transporter.
  6792 | D:8      | Found a sacrificial altar of Ru.
  6950 | D:8      | Noticed a two-headed ogre
  6960 | D:8      | Killed a two-headed ogre
  6961 | D:8      | Reached skill level 5 in Throwing
  7432 | D:9      | Found a radiant altar of Vehumet.
  7452 | D:9      | Found Hiuroxzargh's Book Shoppe.
  7530 | D:9      | Noticed a two-headed ogre
  7537 | D:9      | Killed a two-headed ogre
  7538 | D:9      | Reached XP level 11. HP: 86/86 MP: 21/21
  7565 | D:9      | Found a flagged portal.
  7584 | Bailey   | Entered a bailey
  7653 | Bailey   | Noticed an orc knight
  7710 | Bailey   | Killed an orc knight
  7738 | Bailey   | Reached **** piety under Makhleb
  7793 | Bailey   | Found a large runed translucent door.
  7793 | Bailey   | Found a large runed translucent door.
  7794 | Bailey   | Noticed a deep elf pyromancer
  7796 | Bailey   | Upgraded the game from 0.31-a0-667-g39726597b9 to
                  | 0.31-a0-672-g7da72447bb
  7827 | Bailey   | Killed a deep elf pyromancer
  7837 | Bailey   | Identified the +0 plate armour of the Scorching Gods {Harm
                  | rElec Dex+3}
  8061 | D:9      | Found a sparkling altar of Nemelex Xobeh.
  8139 | D:9      | Reached skill level 15 in Long Blades
  8306 | D:9      | Found a stormy altar of Qazlal.
  8342 | D:9      | Noticed Pikel
  8362 | D:9      | Killed Pikel
  8431 | D:10     | Entered Level 10 of the Dungeon
  8487 | D:10     | Found a staircase to the Orcish Mines.
  8537 | D:10     | Noticed a two-headed ogre
  8552 | D:10     | Killed a two-headed ogre
  8657 | D:10     | Reached ***** piety under Makhleb
  8730 | D:10     | Noticed Erica
  8745 | D:10     | Killed Erica
  8883 | D:10     | Noticed a cyclops
  8889 | D:10     | Killed a cyclops
  8933 | D:10     | Noticed a death knight
  8938 | D:10     | Noticed an entropy weaver
  8939 | D:10     | Reached XP level 12. HP: 88/94 MP: 22/22
  8942 | D:10     | Killed an entropy weaver
  8943 | D:10     | Reached skill level 10 in Dodging
  8955 | D:10     | Killed a death knight
  9333 | D:11     | Noticed a death yak
  9334 | D:11     | Found a staircase to the Lair.
  9345 | D:11     | Killed a death yak
  9346 | D:11     | Reached skill level 11 in Dodging
  9453 | D:11     | Found the amulet of Elemental Vulnerability {rPois rF--
                  | rC-- AC+8}
  9495 | D:11     | Noticed a two-headed ogre
  9508 | D:11     | Killed a two-headed ogre
  9509 | D:11     | Reached skill level 10 in Fighting
  9996 | D:12     | Found Faiz's Antique Weapon Shop.
 10108 | D:12     | Reached skill level 12 in Dodging
 10222 | D:12     | Noticed a death yak
 10222 | D:12     | Noticed a death yak
 10235 | D:12     | Killed a death yak
 10658 | Lair:1   | Entered Level 1 of the Lair of Beasts
 10838 | Lair:1   | Reached skill level 1 in Armour
 10888 | Lair:1   | Reached XP level 13. HP: 106/108 MP: 23/23
 11456 | Lair:1   | Found a snail-covered altar of Cheibriados.
 11753 | Lair:2   | Reached skill level 5 in Armour
 11967 | Lair:2   | Found a staircase to the Swamp.
 12437 | Lair:3   | Reached ****** piety under Makhleb
 12552 | Lair:3   | Found a hole to the Spider Nest.
 12876 | Lair:3   | Reached XP level 14. HP: 92/116 MP: 24/24
 13274 | Lair:4   | Found the +10 zealot's sword {holy, Zealotry, *Rage rN+
                  | EV+3}
 13365 | Lair:4   | Reached skill level 13 in Dodging
 13389 | Lair:4   | Found a staircase to the Slime Pits.
 13390 | Lair:4   | Found a viscous altar of Jiyva.
 13947 | Lair:5   | Entered Level 5 of the Lair of Beasts
 14122 | Lair:5   | Found a frozen archway.
 14160 | IceCv    | Entered an ice cave
 14305 | IceCv    | Reached skill level 14 in Dodging
 14371 | IceCv    | Identified the +0 leather armour of Entitlement {Str+3
                  | Stlth+}
 14415 | IceCv    | Reached skill level 15 in Fighting
 14677 | IceCv    | Identified the +11 rapier "Jemas" {pain, *Noise rElec Will-
                  | Dex+8}
 14717 | IceCv    | Reached skill level 15 in Dodging
 14951 | Lair:5   | Reached XP level 15. HP: 129/129 MP: 25/25
 15138 | Lair:5   | Reached skill level 16 in Dodging
 15728 | Lair:5   | Reached skill level 17 in Dodging
 15958 | Lair:5   | Identified the +4 spear of Gozag, Growing {drain, rF++
                  | Dex-5}
 16124 | Lair:5   | Found a corrupted altar of Lugonu.
 16124 | Lair:5   | Found a one-way gate to the infinite horrors of the Abyss.
 16283 | Swamp:1  | Entered Level 1 of the Swamp
 16560 | Lair:2   | Reached skill level 18 in Dodging
 17322 | Swamp:1  | Reached skill level 19 in Dodging
 17702 | Swamp:2  | Noticed Kirke
 17702 | Swamp:2  | Noticed Donald
 17994 | Swamp:2  | Killed Kirke
 17995 | Swamp:2  | Reached XP level 16. HP: 138/138 MP: 26/26
 18008 | Swamp:2  | Noticed Frances
 18009 | Swamp:2  | Reached skill level 20 in Dodging
 18025 | Swamp:2  | Killed Frances
 18260 | Swamp:2  | Noticed Mlioglotl
 18270 | Swamp:2  | Killed Mlioglotl
 18329 | Swamp:2  | Killed Donald
 18676 | Swamp:3  | Identified the -1 helmet of Wipatypp {rPois rF- Str+6}
 18710 | Swamp:3  | Noticed Nikola
 19391 | D:12     | Got the Information on the Fjord
 19400 | D:12     | Found the +1 cloak of Starlight {*Dazzle EV+4 Stlth--}
 20027 | D:13     | Found Guirekk's Assorted Antiques.
 20050 | D:13     | Bought a potion of heal wounds for 115 gold pieces
 20727 | D:14     | Found a gate to the Vaults.
 20858 | D:14     | Gained mutation: You are partially covered in iridescent
                  | scales. (AC +2) [a shining eye]
 21399 | D:14     | Learned a level 3 spell: Ozocubu's Armour
 21492 | D:14     | Reached skill level 1 in Ice Magic
 21508 | D:14     | Reached skill level 1 in Spellcasting
 22103 | D:14     | Reached XP level 17. HP: 144/144 MP: 27/27
 22510 | Orc:1    | Entered Level 1 of the Orcish Mines
 22511 | Orc:1    | You fall into a shaft and drop 1 floor!
 22511 | Orc:2    | Entered Level 2 of the Orcish Mines
 22865 | Orc:1    | Found Camih Higoi's Magic Scroll Emporium.
 23044 | Orc:1    | Bought a scroll of acquirement for 624 gold pieces
 23050 | Orc:1    | Acquired the ring of Divine Intervention {rPois rN+ Str+3
                  | Dex+6}
 23198 | Orc:2    | Found a staircase to the Elven Halls.
 23253 | Orc:2    | Reached skill level 5 in Ice Magic
 24000 | Orc:2    | Found Uleuhut's Armour Emporium.
 24000 | Orc:2    | Found Pasun's Antique Weapon Emporium.
 24001 | Orc:2    | Found Jisyrititz's Distillery.
 24004 | Orc:2    | Found Mucotei's Antique Weapon Shoppe.
 24047 | Orc:2    | Bought a potion of heal wounds for 70 gold pieces
 24104 | Orc:1    | Bought a scroll of teleportation for 36 gold pieces
 24104 | Orc:1    | Bought a scroll of teleportation for 36 gold pieces
 24104 | Orc:1    | Bought a scroll of enchant armour for 90 gold pieces
 24104 | Orc:1    | Bought a scroll of teleportation for 36 gold pieces
 24104 | Orc:1    | Bought a scroll of enchant armour for 90 gold pieces
 24104 | Orc:1    | Bought a scroll of teleportation for 36 gold pieces
 24104 | Orc:1    | Bought a scroll of brand weapon for 114 gold pieces
 24147 | Elf:1    | Entered Level 1 of the Elven Halls
 24178 | Elf:1    | Got the Incunabulum of the Quake
 24320 | Elf:1    | Noticed Roxanne
 24350 | Elf:1    | Found a runed translucent door.
 24350 | Elf:1    | Found a shimmering altar of Xom.
 24350 | Elf:1    | Noticed gruber's ghost (adept BaSu)
 24517 | Elf:1    | Got Icuosid's Discourse on Assembling
 24551 | Abyss:2  | Cast into level 2 of the Abyss (a deep elf demonologist)
 24583 | Abyss:2  | Found a corrupted altar of Lugonu.
 24828 | Abyss:2  | Noticed a tentacled starspawn
 24838 | Abyss:2  | Killed a tentacled starspawn
 24868 | Abyss:2  | Gained mutation: You have a pair of small horns on your
                  | head. [a neqoxec]
 24909 | Abyss:2  | Reached skill level 10 in Armour
 25065 | Elf:1    | Escaped the Abyss
 25367 | Spider:1 | Entered Level 1 of the Spider Nest
 26021 | Spider:1 | Noticed Agnes
 26029 | Spider:1 | Killed Agnes
 26237 | Spider:2 | Reached XP level 18. HP: 151/151 MP: 28/28
 27861 | Spider:4 | Entered Level 4 of the Spider Nest
 27882 | Spider:3 | Reached skill level 5 in Spellcasting
 28382 | Spider:4 | Reached XP level 19. HP: 141/161 MP: 29/29
 29071 | Spider:4 | Reached skill level 21 in Dodging
 29352 | Spider:4 | Got a gossamer rune of Zot
 29789 | Swamp:3  | Noticed Mara
 29797 | Swamp:3  | Noticed octothorp's illusion
 29848 | Swamp:3  | Killed Nikola
 29943 | Swamp:3  | Killed Mara
 29944 | Swamp:3  | Reached skill level 10 in Throwing
 30115 | Swamp:4  | Entered Level 4 of the Swamp
 30144 | Swamp:4  | Noticed a tentacled monstrosity
 30181 | Swamp:4  | Killed a tentacled monstrosity
 30821 | Swamp:4  | Gained mutation: You are dopey. (Int -2) [a neqoxec]
 31473 | Swamp:4  | Got a decaying rune of Zot
 31477 | Swamp:4  | Noticed a tentacled monstrosity
 31488 | Swamp:4  | Killed a tentacled monstrosity
 31489 | Swamp:4  | Reached XP level 20. HP: 170/174 MP: 30/30
 31960 | Elf:1    | Found Kaseatt's Jewellery Shoppe.
 32132 | Elf:2    | Found a radiant altar of Vehumet.
 32414 | Elf:2    | Reached skill level 22 in Dodging
 32416 | Elf:2    | Found a runed translucent gate.
 32416 | Elf:2    | Found a runed translucent gate.
 32425 | Elf:2    | Found a runed translucent gate.
 33059 | Elf:3    | Entered Level 3 of the Elven Halls
 34031 | Elf:3    | Reached skill level 23 in Dodging
 34291 | Abyss:4  | Cast into level 4 of the Abyss (deep elf blademaster)
 34553 | Elf:3    | Escaped the Abyss
 35338 | Elf:3    | Identified the ring "Daesac" {rElec rF+ rC+++ MP+9 Str-5}
 35358 | Elf:3    | Identified the ring "Wykhaij" {rN+ Slay+3}
 35513 | Elf:3    | Reached XP level 21. HP: 170/184 MP: 31/31
 35699 | Elf:3    | Identified the staff "Zax Kuh" {Contam rElec rPois rN+
                  | Dex+5 Poison}
 35714 | Elf:3    | Identified the +3 plate armour "Cook" {rN+++ Will- Int+4
                  | Dex-3}
 35720 | Elf:3    | Identified the +1 swamp dragon scales of the Flute {Harm
                  | +Inv rPois Str+3 Slay-2}
 36040 | Vaults:1 | Entered Level 1 of the Vaults
 36391 | D:12     | Bought a triple sword for 350 gold pieces
 36458 | D:15     | Entered Level 15 of the Dungeon
 36758 | D:15     | Identified the +1 falchion of Sunioh {drain, rC+ Dex+3}
 36934 | D:15     | Found a staircase to the Depths.
 37365 | Vaults:1 | Reached skill level 24 in Dodging
 37375 | Vaults:1 | Noticed Saint Roka
 37391 | Vaults:1 | Killed Saint Roka
 37512 | Vaults:1 | Noticed Norris
 37522 | Vaults:1 | Killed Norris
 38005 | Vaults:1 | Identified the +4 sling "Luoteal" {speed, *Slow +Blink rF++
                  | Int+8 Dex-2}
 38602 | Vaults:2 | Got the Octavo of Striking and Superposition
 38911 | Vaults:2 | Paralysed by a sphinx for 3 turns
 39264 | Vaults:2 | Reached XP level 22. HP: 198/198 MP: 32/32
 39383 | Vaults:2 | Noticed Mennas
 39401 | Vaults:2 | Killed Mennas
 39732 | Vaults:2 | Reached skill level 25 in Dodging
 39987 | Vaults:2 | Found a staircase to the Crypt.
 40087 | Vaults:3 | Learned a level 3 spell: Swiftness
 40175 | Vaults:3 | Reached skill level 1 in Air Magic
 40239 | Vaults:3 | Found a crumbling gateway.
 40252 | Desolati | Entered the Desolation of Salt
 40403 | Desolati | Identified the amulet "Ablu" {Spirit Rampage Regen+ Slay+3}
 40407 | Desolati | Identified the +0 scale mail "Recics" {rF+ Str+5}
 40436 | Desolati | Identified the +4 trident of Eternal Harmony {holy, rF+
                  | Int+3 Dex+2 SInv}
 40571 | Desolati | Identified the ring of Ywnigad {rPois rC+}
 40580 | Desolati | Got the Anthology of Frigid Cinders
 41008 | Desolati | Reached skill level 1 in Invocations
 41019 | Desolati | Gained mutation: You are very dopey. (Int -4) [a cacodemon]
 41036 | Desolati | Reached skill level 5 in Air Magic
 41262 | Desolati | Found the amulet of Vitality {RegenMP++ Regen++}
 41267 | Desolati | Identified the ring "Ostuawe" {Wiz rElec rF+ Slay+2 Stlth+}
 41271 | Desolati | Identified the +1 ring mail of the Cicada {Dex+3}
 41731 | Vaults:3 | Reached skill level 5 in Invocations
 42302 | Vaults:3 | Identified the +4 plate armour of Sif Muna's Favour {Regen+
                  | Slay+2}
 42321 | Vaults:3 | Noticed Asterion
 42342 | Vaults:3 | Killed Asterion
 42903 | Depths:1 | Entered Level 1 of the Depths
 43027 | Depths:1 | Reached XP level 23. HP: 208/208 MP: 33/33
 43031 | Depths:1 | Identified the +3 short sword "Dayclex" {heavy, Fragile
                  | rF++ Dex+5}
 43052 | Depths:1 | Identified the +1 robe of Weightlessness {rPois Dex+3}
 43208 | Depths:1 | Found a one-way gateway to a ziggurat.
 43208 | Depths:1 | Noticed a dread lich
 43348 | Depths:1 | Found a gateway to Hell.
 43957 | Depths:2 | Noticed a caustic shrike
 43957 | Depths:2 | Noticed a caustic shrike
 43957 | Depths:2 | Noticed a caustic shrike
 43957 | Depths:2 | Noticed a caustic shrike
 43967 | Depths:2 | Killed a caustic shrike
 43972 | Depths:2 | Killed a caustic shrike
 43981 | Depths:2 | Killed a caustic shrike
 43989 | Depths:2 | Killed a caustic shrike
 44603 | Depths:2 | Reached skill level 10 in Invocations
 44945 | Depths:2 | Found a one-way gate leading to the halls of Pandemonium.
 44968 | Depths:2 | Reached skill level 1 in Evocations
 46119 | Crypt:1  | Entered Level 1 of the Crypt
 46937 | Depths:2 | Noticed a juggernaut
 46940 | Depths:2 | Found a bloodstained altar of Trog.
 46940 | Depths:2 | Found the necklace of Bloodlust {Fury *Rage Will++ Int-3
                  | Slay+6}
 46986 | Depths:2 | Found a transporter.
 47496 | Depths:3 | Noticed a juggernaut
 47961 | Vaults:4 | Reached skill level 5 in Evocations
 48027 | Vaults:4 | Reached XP level 24. HP: 200/216 MP: 14/32
 48837 | Vaults:4 | Found Itustud's Distillery.
 48847 | Vaults:4 | Bought a potion of heal wounds for 100 gold pieces
 48847 | Vaults:4 | Bought a potion of enlightenment for 100 gold pieces
 48847 | Vaults:4 | Bought a potion of haste for 200 gold pieces
 48848 | Vaults:4 | Upgraded the game from 0.31-a0-672-g7da72447bb to
                  | 0.31-a0-675-g238779eb0a
 49739 | Crypt:2  | Found a runed translucent gate.
 49739 | Crypt:2  | Found a runed translucent gate.
 49739 | Crypt:2  | Found a runed translucent gate.
 49744 | Crypt:2  | Noticed Nuh Ema's ghost (veteran HuVM)
 49744 | Crypt:2  | Noticed Jeidgh's ghost (adept NaAE)
 49744 | Crypt:2  | Noticed Xajier's ghost (adept GrFi)
 50044 | Crypt:2  | Reached skill level 15 in Invocations
 50383 | Crypt:3  | Entered Level 3 of the Crypt
 50467 | Crypt:3  | Identified the +5 long sword of Massacring {drain, rF+ rN+
                  | Will+ Str-3}
 51205 | Crypt:3  | Found a staircase to the Tomb.
 51777 | Crypt:3  | Paralysed by a sphinx for 3 turns
 52104 | Crypt:3  | Found the +8 Vampire's Tooth {megavamp}
 52195 | Crypt:3  | Identified the +8 broad axe of the Head {drain, Str+4
                  | Int-5}
 52311 | Crypt:3  | Noticed a royal mummy
 52333 | Crypt:3  | Killed a royal mummy
 52673 | Crypt:3  | Identified the +5 flail of the Kidney {freeze, Dex+4}
 52674 | Crypt:3  | Identified the +0 robe of Mosiat {Stlth+}
 52946 | Vaults:5 | Entered Level 5 of the Vaults
 53143 | Vaults:4 | Reached skill level 10 in Evocations
 53582 | Vaults:4 | Reached XP level 25. HP: 142/223 MP: 24/35
 54035 | Vaults:5 | Identified the +0 spear of Midsummer {pain, rN++ rCorr
                  | Int-3 SInv}
 54062 | Vaults:5 | Paralysed by a floating eye for 2 turns
 54347 | Vaults:5 | Noticed an ancient lich
 54347 | Vaults:5 | Identified the +8 morningstar "Lenakhio" {flame, Dex+5}
 54357 | Vaults:5 | Killed an ancient lich
 54579 | Vaults:5 | Got the Incunabulum of Blazing Command
 54583 | Vaults:5 | Identified the +2 scale mail of Serendipity {+Blink rF+
                  | Stlth+}
 54632 | Vaults:5 | Got the Cyclopedia of the Sphinx
 54762 | Vaults:5 | Identified the staff "Zump" {rElec Dex+4 Air}
 54849 | Vaults:5 | Got a silver rune of Zot
 54940 | Vaults:5 | Got the Teachings on Kindled Combat Magic
 54993 | Vaults:5 | Found the amulet of the Air {Inacc Air Fly rElec RMsl}
 55018 | Vaults:5 | Identified the +1 plate armour of the Kodama {Int-3 Dex+4}
 55071 | Vaults:5 | Got Sif Muna's Parchment of Shapes
 55081 | Vaults:5 | Identified the staff "Jec Faud" {rPois rCorr Int-3 Earth}
 55927 | Depths:3 | Killed a juggernaut
 56238 | Depths:3 | Reached XP level 26. HP: 225/231 MP: 35/36
 57051 | Depths:4 | Entered Level 4 of the Depths
 57056 | Depths:4 | Reached skill level 15 in Armour
 57530 | Depths:4 | Found Inaemum's Jewellery Shop.
 57531 | Depths:4 | Found Woraisin's Book Shoppe.
 57532 | Depths:4 | Found Pice's Jewellery Shop.
 57732 | Depths:4 | Found Zemiyh's Neck Hole.
 57746 | Depths:4 | Bought a +0 cloak of willpower for 218 gold pieces
 58383 | Depths:4 | Found a gate to the Realm of Zot.
 58435 | Zot:1    | Entered Level 1 of the Realm of Zot
 58435 | Zot:1    | Noticed an orb of fire
 58437 | Zot:1    | Gained mutation: You occasionally lose the ability to drink
                  | potions when taking damage. [an orb of fire]
 58447 | Zot:1    | Killed an orb of fire
 58494 | Zot:1    | Identified the +4 scale mail of Douz {+Inv}
 59353 | Zot:2    | Noticed an orb of fire
 60113 | Zot:4    | Identified the staff "Poesurad" {rPois Str+3 SInv Stlth-
                  | Poison}
 60175 | Zot:5    | Entered Level 5 of the Realm of Zot
 60221 | Zot:5    | Noticed an orb of fire
 60221 | Zot:5    | Gained mutation: Potions are less effective at restoring
                  | your health. [an orb of fire]
 60230 | Zot:5    | Gained mutation: You are clumsy. (Dex -2) [an orb of fire]
 60234 | Zot:5    | Gained mutation: You are vulnerable to heat. (rF-) [an orb
                  | of fire]
 60237 | Zot:5    | Killed an orb of fire
 60248 | Zot:5    | Lost mutation: You are very dopey. (Int -4) [potion of
                  | mutation]
 60248 | Zot:5    | Lost mutation: You occasionally lose the ability to drink
                  | potions when taking damage. [potion of mutation]
 60248 | Zot:5    | Lost mutation: You are clumsy. (Dex -2) [potion of
                  | mutation]
 60248 | Zot:5    | Gained mutation: You are agile. (Dex +4, Str/Int -1)
                  | [potion of mutation]
 60248 | Zot:5    | Lost mutation: You are vulnerable to heat. (rF-) [potion of
                  | mutation]
 60248 | Zot:5    | Gained mutation: You are strong-willed. (Will+) [potion of
                  | mutation]
 60487 | Zot:4    | Reached XP level 27. HP: 238/238 MP: 37/37
 60933 | Zot:5    | Noticed an ancient lich
 60968 | Zot:5    | Killed an ancient lich
 62112 | Zot:5    | Noticed an orb of fire
 62115 | Zot:5    | Gained mutation: You are frail. (-10% HP) [an orb of fire]
 62135 | Zot:5    | Killed an orb of fire
 62136 | Zot:5    | Reached skill level 26 in Dodging
 63259 | Zot:4    | Reached skill level 27 in Dodging
 63285 | Zot:4    | Found a transporter.
 63475 | Zot:5    | Got the Orb of Zot
 63489 | Zot:5    | Noticed an orb of fire
 63496 | Zot:5    | Gained mutation: You are very dopey. (Int -4) [an orb of
                  | fire]
 63497 | Zot:5    | Gained mutation: Your magical capacity is low. (-10% MP)
                  | [an orb of fire]
 63500 | Zot:5    | Gained mutation: Your magical capacity is very low. (-20%
                  | MP) [an orb of fire]
 63501 | Zot:5    | Killed an orb of fire
 63503 | Zot:5    | Lost mutation: You have a pair of small horns on your head.
                  | [potion of mutation]
 63503 | Zot:5    | Lost mutation: Potions are less effective at restoring your
                  | health. [potion of mutation]
 63503 | Zot:5    | Gained mutation: You are very agile. (Dex +8, Str/Int -2)
                  | [potion of mutation]
 63503 | Zot:5    | Gained mutation: Your spells are a little harder to cast,
                  | but a little more powerful. [potion of mutation]
 63993 | D:10     | Noticed Ido Qiss the pandemonium lord
 64003 | D:10     | Killed Ido Qiss the pandemonium lord
 64147 | D:$      | Escaped with the Orb!

Illustrated notes

Levels and vault maps discovered:
D:1:      nzn_arrival_water_spiral, layout_basic
D:2:      layout_loops_cross
D:3:      layout_basic, lemuel_tele_altar, mainiacjoe_overflow_six_doors_small,
          ebering_ecumenical_altar_hall, minmay_misc_feat_nine_boxes,
          amethyst_killhole, hangedman_abyss_or_decor_stabs, uniq_terence,
          uniq_natasha
D:4:      layout_basic, mainiacjoe_overflow_small_starburst,
          cheibrodos_worm_habitat, worldfamousw_hep_ancestral_shrine,
          temple_pool_b
D:5:      wad_river_or_something, layout_basic, tgw_fedhas,
          nicolae_overflow_hidden_temple, okawaru_ov_weapons_minmay,
          nicolae_overflow_two_pavilions, serial_shops, shop,
          grunt_ministairs_9, minmay_manual_macuahuitl, uniq_eustachio,
          uniq_crazy_yiuf_cottage, uniq_duvessa
D:6:      layout_loops_ring, item_on_display_a, uniq_blork_the_orc
D:7:      lemuel_slime, layout_rooms, grunt_dithmenos_shadows, elyvilon_altar_4,
          hellmonk_guarded_unrand_hermit, uniq_maggie, uniq_prince_ribbit1
D:8:      layout_gridville, gammafunk_temple_overflow_arena,
          supply_closet_lemuel
D:9:      kennysheep_ambush_hall, layout_basic, grunt_qazlal_sundering,
          nemelex_spade_bored_becter, lemuel_doored_altar, enter_bailey_3,
          serial_shops, nicolae_shop_hallway_plus, uniq_pikel
D:10:     minmay_chambers_of_sevens, layout_rooms, orc_0_dummy, uniq_erica
D:11:     lemuel_ice_spiral_2, layout_irregular_city, david_lair_generic
D:12:     fort_yaktaur, layout_basic, serial_shops, shop
D:13:     layout_basic, serial_shops, shop, nicolae_the_louvre
D:14:     regret_index_wax_grids, layout_basic, erik_vaults_1
D:15:     grunt_enter_depths_snipers, layout_basic, grunt_decor_junction
Lair:1:   layout_cave_pods, kennysheep_snail_temple, grunt_megastairs_5
Lair:2:   layout_gridlike, skrybe_swamp_entry_bodies, infiniplex_staircase_pool
Lair:3:   layout_regular_city, nicolae_spider_entry_non_spiders,
          grunt_megastairs_2
Lair:4:   layout_roguey, nicolae_slime_entry_slimehenge
Lair:5:   hellmonk_lair_end_abyssal_woods, layout_regular_city,
          portal_ice_cave_entry_ice_simulacra, dreamdust_mushroom_princess,
          lemuel_fruit_tree, grunt_megastairs_3
Swamp:1:  layout_basic_swamp, infiniplex_staircase_pool_2, swamp_pool5
Swamp:2:  layout_basic_swamp, nicolae_swamp_ascending_descending, uniq_kirke,
          uniq_mlioglotl, uniq_donald, uniq_frances
Swamp:3:  layout_basic_swamp, evilmike_swamp_ruin_house_4, uniq_nikola,
          uniq_mara
Swamp:4:  nzn_swamp_witches_coven, layout_basic_swamp
Spider:1: layout_chambers, uniq_agnes
Spider:2: spiders_nest_scorpion_pit, hangedman_spider_tarantella_strand
Spider:3: layout_spider_delve
Spider:4: floodkiller_spider_rune_tomb
Orc:1:    cheibrodos_orc_bank, layout_diamond_mine, serial_shops, shop_scrolls
Orc:2:    st_orc_mages, layout_caves
Elf:1:    minmay_elf_arrival_circle, layout_rooms, serial_shops, shop,
          ebering_ghost_xom, minmay_elf_demonology, dreamdust_princess_corridor,
          uniq_roxanne
Elf:2:    nicolae_elf_blades_splatter_lattice [nicolae_blade_entry_pointy_end],
          layout_loops_cross, basic_altar
Elf:3:    minmay_elf_hall_dome, layout_loops_corners
Vaults:1: nicolae_vaults_wrenched, v_misc_25, nicolae_vaults_network_periphery,
          nicolae_vaults_three_branches, nicolae_vaults_yaktaur_gun_rack,
          nicolae_vaults_network_quincunx
          [nicolae_vaults_network_quincunx_subvault,
          nicolae_vaults_network_quincunx_subvault,
          nicolae_vaults_network_quincunx_subvault,
          nicolae_vaults_network_quincunx_subvault,
          nicolae_vaults_network_quincunx_subvault], v_misc_3,
          grunt_vaults_hallway_short, hangedman_vaults_stretched_pinwheel,
          nicolae_vaults_oval_intersection, hangedman_vaults_impose,
          nicolae_vaults_statue_guard, layout_vaults_maze_snakey, uniq_norris,
          uniq_saint_roka
Vaults:2: nicolae_vaults_little_squares_5, ontoclasm_vaults_ligature,
          hangedman_vaults_hat, vaults_mumra_chevron_long, vaults_room_corners,
          vaults_room_pool, v_misc_18, hangedman_vaults_snaps,
          layout_vaults_quadrants, minmay_crypt_entry_simple_walls,
          uniq_margery, uniq_mennas
Vaults:3: portal_desolation_entry_nicolae_slug, v_misc_9, hangedman_vaults_trim,
          nicolae_vaults_border_crossing, st_lines, nicolae_vaults_triangles,
          nicolae_vaults_more_shelving_2, nicolae_vaults_ninety_degrees,
          v_misc_24, ontoclasm_vaults_pinch, nicolae_vaults_tetromino_Z_2,
          nicolae_vaults_tetromino_L_2, layout_vaults_ring, uniq_asterion
Vaults:4: nicolae_vaults_an_arrangement, v_rooms_3,
          nicolae_vaults_surprise_closet, v_pattern_4, ontoclasm_vaults_idyll,
          nicolae_vaults_asterisk, nicolae_vaults_little_squares_3,
          layout_vaults_big_room, serial_shops, nicolae_shop_just_a_little_nook
Vaults:5: serial_shops
Crypt:1:  layout_chaotic_city
Crypt:2:  layout_regular_city, gammafunk_ghost_cemetery
Crypt:3:  due_elkab, layout_chaotic_city, serial_sigils_hangedman_carve,
          minmay_misc_feat_columns
Depths:1: layout_cave_pools, enter_ziggurat_c, hangedman_geh_valley,
          minmay_fountain_box, minmay_misc_feat_square, grunt_decor_fettered,
          kennysheep_pointless_box, hangedman_decor_push,
          minmay_variable_closet, minmay_misc_feat_doors, horrible_house_mu
Depths:2: emtedronai_trogs_sanctum, layout_cross, grunt_pan_entry_in_and_out,
          roderic_serpentine_path, hell_entry
Depths:3: kennysheep_green_arena, layout_cave_pools, abyss_entry,
          kennysheep_cross_room, grunt_metal_band, grunt_potential,
          infiniplex_staircase_door_maze
Depths:4: evilmike_zot_entry_basic, layout_small_grid, serial_sigils,
          serial_sigils_hangedman_etch, serial_sigils_hangedman_quiver,
          serial_sigils_hangedman_stare, serial_sigils_hangedman_snap,
          serial_sigils_hangedman_quiver, serial_sigils_hangedman_gut,
          pan_entry, hell_entry, hangedman_abyss_entry_splay,
          nicolae_shop_sticking_my_neck_out, minmay_shop_grove
Zot:1:    minmay_elemental_castle, layout_gridlike
Zot:2:    nicolae_moth_party, layout_misc_corridors, grunt_megastairs_4
Zot:3:    layout_basic
Zot:4:    gammafunk_its_a_trap, layout_cathedral_of_symmetry, st_stairs_12
Zot:5:    layout_gridville, lemuel_flame_loot_1

Skill      XL: |  1  2  3  4  5  6  7  8  9 10 11 12 13 14 15 16 17 18 19 20 21 22 23 24 25 26 27 |
---------------+----------------------------------------------------------------------------------+-----
Long Blades    | 4 5 6 7 9 10 12 14 17 20 21 22 | 22.0
Fighting       | 4 7 8 12 15 16 17 19 20 22 23 24 | 24.4
Dodging        | 5 7 9 12 15 19 20 21 23 24 25 27 | 27.0
Throwing       | 7 8 10 12 | 12.0
Armour         | 2 8 11 12 14 15 18 | 18.0
Ice Magic      | 3 8 9 |  9.0
Spellcasting   | 2 3 5 |  5.0
Air Magic      | 7 9 |  9.0
Invocations    | 7 13 16 18 20 | 20.0
Evocations     | 5 10 12 13 | 13.1

Action                     |  1- 3 |  4- 6 |  7- 9 | 10-12 | 13-15 | 16-18 | 19-21 | 22-24 | 25-27 || total
---------------------------+-------+-------+-------+-------+-------+-------+-------+-------+-------++-------
  Melee: Long sword        |   102 |   103 |   284 |   190 |       |       |       |       |       ||   679
         Tailslap          |     5 |     1 |     4 |     7 |    39 |    19 |    90 |       |       ||   165
         Punch             |     3 |     1 |       |       |       |       |       |       |       ||     4
         Scimitar          |       |       |       |   206 |   260 |       |    10 |       |       ||   476
         Eudemon blade     |       |       |       |       |   598 |   101 |       |       |       ||   699
         Great sword       |       |       |       |       |       |  1363 |   955 |       |       ||  2318
         Headbutt          |       |       |       |       |       |   226 |   491 |   566 |   505 ||  1788
         Triple sword      |       |       |       |       |       |       |   520 |  1663 |  1460 ||  3643
  Throw: Javelin           |     1 |       |     3 |     2 |       |     1 |     2 |     3 |       ||    12
         Dart              |       |       |     2 |     4 |       |     3 |       |     1 |       ||    10
         Boomerang         |       |       |       |    37 |    62 |    62 |    39 |    33 |    47 ||   280
   Cast: Ozocubu's Armour  |       |       |       |       |       |     3 |     1 |     1 |     1 ||     6
         Swiftness         |       |       |       |       |       |       |       |     2 |     5 ||     7
 Invoke: Minor Destruction |       |       |     4 |     6 |     4 |       |       |       |       ||    14
         Lesser Servant of |       |       |       |    10 |     8 |     3 |       |       |     1 ||    22
         Major Destruction |       |       |       |    10 |     5 |    35 |    18 |    28 |    13 ||   109
         Greater Servant o |       |       |       |       |     1 |    10 |    14 |    11 |    17 ||    53
  Evoke: Wand              |       |       |     6 |       |     1 |     6 |     6 |     4 |    15 ||    38
         Condenser vane    |       |       |       |       |       |     1 |     1 |     1 |       ||     3
         Phantom mirror    |       |       |       |       |       |       |     1 |     1 |       ||     2
         Sack of spiders   |       |       |       |       |       |       |     1 |     1 |       ||     2
    Use: Scroll            |       |     6 |     6 |     7 |     8 |    13 |    13 |    22 |    10 ||    85
         Potion            |       |       |     3 |     1 |       |     2 |     5 |    16 |     9 ||    36
   Stab: Sleeping          |     3 |     3 |       |       |       |       |       |       |       ||     6
         Paralysed         |       |       |    10 |       |       |       |     2 |       |       ||    12
         Distracted        |       |       |       |     4 |     2 |     3 |     7 |     5 |     8 ||    29
         Confused          |       |       |       |       |     1 |       |       |       |       ||     1
         Invisible         |       |       |       |       |       |   125 |    74 |    54 |    47 ||   300
         Petrifying        |       |       |       |       |       |       |     1 |       |       ||     1
 Armour: Leather armour    |    36 |       |       |       |    46 |       |       |       |       ||    82
         Ring mail         |    17 |    52 |    98 |       |       |       |       |       |       ||   167
         Skin              |       |       |    12 |       |       |       |       |       |       ||    12
         Acid dragon scale |       |       |    48 |   173 |   291 |   148 |       |       |       ||   660
         Chain mail        |       |       |       |       |       |   385 |   597 |   338 |       ||  1320
         Fire dragon scale |       |       |       |       |       |       |       |   440 |   684 ||  1124
  Dodge: Dodged            |    78 |    63 |   152 |   307 |   745 |  1962 |  1568 |  1890 |  1440 ||  8205

Table legend: (Time is in decaauts)
 A = Elapsed time spent in this place.
 B = Non-inter-level travel time spent in this place.
 C = Inter-level travel time spent in this place.
 D = Time resting spent in this place.
 E = Time spent auto-exploring this place.
 F = Levels seen in this place.
 G = Mean time per level.
                   A        B        C        D        E       F      G
               +--------+--------+--------+--------+--------+-----+--------+
         Total |  61777 |  52460 |   9317 |  13922 |      0 |  55 | 1123.2 |
       Dungeon |  15459 |  12515 |   2944 |   1967 |      0 |  15 | 1030.6 |
          Lair |   6190 |   4949 |   1241 |   1007 |      0 |   5 | 1238.0 |
         Swamp |   3727 |   3352 |    375 |   1479 |      0 |   4 |  931.8 |
   Spider Nest |   3814 |   3348 |    466 |    596 |      0 |   4 |  953.5 |
  Orcish Mines |   1855 |   1365 |    490 |    219 |      0 |   2 |  927.5 |
   Elven Halls |   4263 |   3503 |    760 |   1205 |      0 |   3 | 1421.0 |
        Vaults |   9492 |   7491 |   2001 |   2348 |      0 |   5 | 1898.4 |
         Crypt |   3665 |   3465 |    200 |    839 |      0 |   3 | 1221.7 |
        Depths |   5422 |   4825 |    597 |   1686 |      0 |   4 | 1355.5 |
           Zot |   5058 |   4820 |    238 |   1778 |      0 |   5 | 1011.6 |
         Abyss |    701 |    701 |      0 |    198 |      0 |   2 |  350.5 |
        Bailey |    280 |    280 |      0 |     19 |      0 |   1 |  280.0 |
      Ice Cave |    751 |    751 |      0 |    303 |      0 |   1 |  751.0 |
    Desolation |   1094 |   1094 |      0 |    274 |      0 |   1 | 1094.0 |
               +--------+--------+--------+--------+--------+-----+--------+

Top non-repeatable levels by time:
   Zot:5: 2567 daAuts
 Crypt:3: 2318 daAuts
Vaults:4: 2187 daAuts
Vaults:2: 2111 daAuts
   Elf:3: 1963 daAuts
    D:14: 1901 daAuts
Vaults:1: 1859 daAuts
Depths:2: 1692 daAuts
Vaults:3: 1668 daAuts
Vaults:5: 1665 daAuts
  Lair:5: 1621 daAuts
Depths:1: 1509 daAuts
     D:5: 1453 daAuts
  Lair:2: 1411 daAuts
  Lair:1: 1352 daAuts
